 Dungeon Crawl Stone Soup version 0.21.1-1-g345015f (webtiles) character file.

646 Fang the Skirmisher (level 7, -11/66 HPs)
             Began as a Gargoyle Berserker on May 5, 2018.
             Was a Priest of Trog.
             Mangled by an orc warrior
             ... wielding a +0 glaive
              (27 damage)
             ... on level 3 of the Dungeon.
             The game lasted 00:03:49 (3976 turns).

Fang the Skirmisher (Gargoyle Berserker)            Turns: 3976, Time: 00:03:50

Health: -11/66     AC:  9    Str: 31    XL:     7   Next: 52%
Magic:  7/7        EV: 12    Int:  7    God:    Trog [***...]
Gold:   151        SH:  0    Dex:  9    Spells: 6/6 levels left

rFire    . . .     SeeInvis .   h - +3 spear
rCold    . . .     Gourm    .   (no shield)
rNeg     + . .     Faith    .   b - +0 animal skin
rPois    ∞         Spirit   .   (no helmet)
rElec    +         Reflect  .   (no cloak)
rCorr    .         Harm     .   (no gloves)
MR       .....                  (no boots)
Stlth    ..........             (no amulet)
HPRegen  0.21/turn              d - +3 ring of strength
MPRegen  0.10/turn              p - +2 ring of protection

@: berserking, very quick
A: negative energy resistance 1, electricity resistance, unbreathing,
petrification resistance, rot immunity, AC +4
a: Berserk, Trog's Hand, Burn Spellbooks, Renounce Religion


You were on level 3 of the Dungeon.
You worshipped Trog.
Trog was most pleased with you.
You were hungry.

You visited 1 branch of the dungeon, and saw 3 of its levels.

You collected 151 gold pieces.

Inventory:

Hand Weapons
 a - a +0 hand axe
 h - a +3 spear (weapon)
 t - a +1 mace of protection
Armour
 b - a +0 animal skin (worn)
Jewellery
 d - a +3 ring of strength (left hand)
 m - an uncursed ring of protection from magic
 p - a +2 ring of protection (right hand)
Wands
 q - a wand of flame (8)
 w - a wand of digging (5)
Scrolls
 e - 3 scrolls of remove curse {unknown}
 f - 2 scrolls of identify {unknown}
 j - 2 scrolls of magic mapping {unknown}
 o - a scroll of immolation {unknown}
 s - a scroll of fear {unknown}
 u - a scroll of noise {unknown}
Potions
 g - 3 potions of haste {unknown}
 i - a potion of invisibility {unknown}
 k - a potion of agility {unknown}
 l - a potion of lignification {unknown}
 n - 2 potions of curing {unknown}
 r - a potion of magic {unknown}
Comestibles
 c - 9 rations


   Skills:
 + Level 5.1 Fighting
 + Level 4.6(5.2) Axes
 + Level 3.8(4.9) Polearms
 + Level 2.4 Armour
 + Level 2.6 Dodging
 + Level 2.3 Stealth


You had 6 spell levels left.
You didn't know any spells.

Dungeon Overview and Level Annotations

Branches:
Dungeon (3/15)

Altars:


Innate Abilities, Weirdness & Mutations

You are resistant to torment.
Your stone body is resilient. (AC +4)
You are immune to poison.
You resist negative energy. (rN+)
You are resistant to electric shocks. (rElec)
You can survive without breathing.
You are immune to petrification.
You are immune to rotting.


Message History

Trog accepts your kill.
Unknown command.
You impale the orc!!
You kill the orc!
Trog accepts your kill.
The orc warrior hits you from afar with a glaive!
* * * LOW HITPOINT WARNING * * *
Unknown command.
Items here: )) [ †† a flail x2; a chain mail; an orc corpse x2
Unknown command.
You puncture the orc!
You feel the power of Trog in you as your rage grows.
You kill the orc!
Trog accepts your kill. The orc warrior closely misses you.
Unknown command.
You feel a strong urge to attack something.
The orc warrior hits you with a glaive!!
You die...

################ #.......# #
#.......# # ♣♣♣## #.......# #
.♣....## ######### # ♣......## #
♣......# ### .....#### #..
#[o...# #.. #).@..# #.. #.....#
#.. #.)...# #.. ###.....# ###
#########.'.....#
#.........#.....#
####.........#.....#
.............#######
.............####################


You could see an orc warrior.

Vanquished Creatures
  Sigmund (D:2)
  An ogre (D:2)
  The ghost of cheng the Ruffian, a weakling TrBe of Trog (D:3)
  A hound (D:3)
  3 orc wizards
  2 orc priests
  Terence (D:3)
  Ijyb (D:3)
  2 adders
  3 oozes
  3 worms (D:3)
  A dart slug (D:1)
  16 orcs
  A giant cockroach (D:2)
  4 hobgoblins
  10 jackals (D:3)
  12 kobolds
  2 quokkas
  5 bats
  5 frilled lizards
  11 goblins
  9 rats
95 creatures vanquished.

Vanquished Creatures (others)
  5 toadstools (D:1)
5 creatures vanquished.

Grand Total: 100 creatures vanquished

Notes
Turn   | Place    | Note
-------+----------+-------------------------------------------
     0 | D:1      | Fang the Gargoyle Berserker began the quest for the Orb.
     0 | D:1      | Reached XP level 1. HP: 14/14 MP: 1/1
   258 | D:1      | Reached XP level 2. HP: 16/19 MP: 2/2
   977 | D:2      | Reached XP level 3. HP: 23/23 MP: 3/3
  1032 | D:2      | Noticed an ogre
  1042 | D:2      | Killed an ogre
  1042 | D:2      | Reached skill level 4 in Fighting
  1042 | D:2      | Reached XP level 4. HP: 15/29 MP: 4/4
  1044 | D:2      | Reached ** piety under Trog
  1099 | D:2      | Reached XP level 5. HP: 23/33 MP: 5/5
  1167 | D:2      | Reached skill level 1 in Polearms
  1272 | D:2      | Noticed Sigmund
  1286 | D:2      | Killed Sigmund
  1286 | D:2      | Reached skill level 1 in Stealth
  1286 | D:2      | Reached XP level 6. HP: 12/39 MP: 6/6
  2184 | D:3      | Noticed cheng's ghost (weakling TrBe)
  2202 | D:3      | Killed cheng's ghost
  2721 | D:3      | Reached XP level 7. HP: 37/44 MP: 7/7
  2777 | D:3      | Noticed Terence
  2789 | D:3      | Killed Terence
  3294 | D:3      | Reached *** piety under Trog
  3294 | D:3      | Reached skill level 5 in Fighting
  3710 | D:3      | Noticed Ijyb
  3730 | D:3      | Killed Ijyb
  3976 | D:3      | Mangled by an orc warrior

Skill      XL: |  1  2  3  4  5  6  7 |
---------------+----------------------+-----
Axes           | 3 4 |  4.6
Fighting       | 4 5 |  5.1
Dodging        | 2 |  2.6
Polearms       | 1 2 3 |  3.8
Stealth        | 1 2 |  2.3
Armour         | |  2.4

Action                   |  1- 3 |  4- 6 |  7- 9 || total
-------------------------+-------+-------+-------++-------
Melee: Hand axe          |    24 |       |       ||    24
       Spear             |    36 |   109 |   143 ||   288
Invok: Berserk           |       |     2 |     4 ||     6
 Stab: Sleeping          |     1 |     1 |     4 ||     6
       Distracted        |       |       |     1 ||     1
  Eat: Chunk             |       |     4 |     7 ||    11
       Ration            |       |     1 |       ||     1
Armor: Animal skin       |    11 |    28 |    41 ||    80
Dodge: Dodged            |    26 |    40 |    68 ||   134
